[Event "*** Titled Tuesday Blitz"]
[Site "Chess.com"]
[Date "2020.10.20"]
[Round "10"]
[White "Pertinhez76"]
[Black "OsorioFernando"]
[Result "0-1"]
[WhiteElo "2141"]
[BlackElo "2277"]
[TimeControl "180+1"]
[EndTime "11:57:28 PDT"]
[Termination "OsorioFernando won by resignation"]

1. d4 d5 2. Bf4 e6 3. e3 f5 4. Nd2 Nf6 5. c3 c6 6. Ngf3 Bd6 7. Ne5 O-O 8. Be2 Qe7 9. h3 Nbd7 10. Qc2 Ne4 11. f3 Qh4+ 12. g3 Nxg3 13. Rh2 Nh5+ 14. Kf1 Nxf4 15. exf4 Qxf4 16. Rg2 Bxe5 17. dxe5 Nxe5 18.
Kg1 Bd7 19. Nf1 Rf6 20. Nh2 Rh6 21. Qc1 Qxc1+ 22. Rxc1 Rxh3 23. f4 Ng6 24. Rf1 Nh4 25. Rgf2 c5 26. Bf3 Rf8 27. Bg2 Rg3 28. Kh1 Bc6 29.
Re1 Nxg2 30. Rxg2 d4 31. Rg1 Rxg2 32. Rxg2 d3 33. Nf1 Rf6 34. Kg1 Bxg2 35. Kxg2 Rg6+ 36. Kf2 Rg4 37. Nd2 h5 38. Ke3 h4 39. Kxd3 h3 40. Nf1 Rg1 41. Ne3 Rg3 42. Kc4 Rxe3 43.
a4 h2 44. a5 h1=Q 45. a6 Qd5+ 46. Kb5 c4+ 47. Kb4 bxa6 48. b3 Qb5+ 0-1

[Event "*** Titled Tuesday Blitz"]
[Site "Chess.com"]
[Date "2020.10.20"]
[Round "10"]
[White "Caterpiller35"]
[Black "Fusikk"]
[Result "0-1"]
[WhiteElo "2417"]
[BlackElo "2530"]
[TimeControl "180+1"]
[EndTime "11:57:29 PDT"]
[Termination "Fusikk won by resignation"]

1. d4 Nf6 2. Bg5 Ne4 3. Bf4 d5 4. e3 Bf5 5. Bd3 e6 6. g4 Bg6 7. h4 h5 8. f3 Nf6 9. Bxg6 fxg6 10. Qd3 Kf7 11. Nh3 Nh7 12. Bg3 Be7 13. g5 Re8 14.
Nc3 Nf8 15. O-O-O Bd6 16. Ne2 Nc6 17. c3 Ne7 18. e4 Bxg3 19. Nxg3 Qd6 20. Rhg1 Rec8 21.
Rdf1 c5 22. f4 cxd4 23. Qxd4 Rc4 24. Qd3 Qc6 25. f5 dxe4 26. fxg6+ Kg8 27. Qd1 Rc8 28.
Qxh5 Rxc3+ 29. Kb1 Rxg3 30. Rxf8+ Kxf8 31. Qh8+ Ng8 32. Rf1+ Rf3 0-1

[Event "*** Titled Tuesday Blitz"]
[Site "Chess.com"]
[Date "2020.10.20"]
[Round "10"]
[White "Semetey"]
[Black "giantslayer83"]
[Result "1-0"]
[WhiteElo "2559"]
[BlackElo "2703"]
[TimeControl "180+1"]
[EndTime "11:57:30 PDT"]
[Termination "Semetey won by checkmate"]

1. d4 Nf6 2. c4 e6 3. Nc3 Bb4 4. e3 O-O 5. Ne2 Re8 6. a3 Bf8 7.
Nf4 d5 8. cxd5 exd5 9. Bd3 a5 10. O-O c6 11. Bd2 Bd6 12. Nh5 Bxh2+ 13. Kxh2 Ng4+ 14. Kg3 Qg5 15. f4 Qxh5 16. Rh1 Qxh1 17. Qxh1 h6 18. e4 dxe4 19. Nxe4 Na6 20. Nd6 Rd8 21. Nxc8 Rxd4 22. Ne7+ Kf8 23. Bxa6 Nf6 24. Bc3 Ne4+ 25. Kf3 Nxc3 26.
bxc3 Rd7 27. Bxb7 Rxb7 28. Nxc6 Rc8 29. Qd1 Kg8 30. Qd6 Kh7 31. Re1 Rb6 32. Qd3+ g6 33.
Re7 Rbxc6 34. Rxf7+ Kg8 35. Qd5 Rxc3+ 36. Kg4 R8c5 37.
Qe6 Rc6 38. Qe8# 1-0

[Event "*** Titled Tuesday Blitz"]
[Site "Chess.com"]
[Date "2020.10.20"]
[Round "10"]
[White "AttackSparrow"]
[Black "GMJustin"]
[Result "1-0"]
[WhiteElo "2394"]
[BlackElo "2275"]
[TimeControl "180+1"]
[EndTime "11:57:30 PDT"]
[Termination "AttackSparrow won on time"]

1. e4 e5 2. Nc3 Nf6 3. f4 d5 4.
fxe5 Nxe4 5. Qe2 Qh4+ 6. g3 Nxg3 7. Qf2 d4 8. Nf3 Qh5 9. Qxg3 dxc3 10. bxc3 Qg4 11.
d4 Qxg3+ 12. hxg3 Bf5 13. Bd3 Bxd3 14. cxd3 Nd7 15. Rb1 Nb6 16. Kf2 Be7 17. c4 O-O-O 18. Be3 f6 19. e6 c6 20. a4 h6 21. a5 Na8 22. Nh4 Nc7 23. Nf5 Rhe8 24. Nxg7 Rg8 25.
Nf5 Rge8 26. Ng7 Rg8 27. Bxh6 Bf8 28. Nf5 Nxe6 29. Bxf8 Rgxf8 30. Rh7 Nxd4 31. Rbxb7 1-0

[Event "*** Titled Tuesday Blitz"]
[Site "Chess.com"]
[Date "2020.10.20"]
[Round "10"]
[White "chesstrainer2042"]
[Black "TheMagnet"]
[Result "1/2-1/2"]
[WhiteElo "2471"]
[BlackElo "2580"]
[TimeControl "180+1"]
[EndTime "11:57:31 PDT"]
[Termination "Game drawn by repetition"]

1. d4 Nf6 2. Nf3 g6 3. c4 Bg7 4.
Nc3 O-O 5. e4 d6 6. Be2 c5 7.
O-O cxd4 8. Nxd4 Nc6 9. Be3 Bd7 10. Rc1 Nxd4 11. Bxd4 a5 12. f3 Bc6 13. Qd2 Nd7 14.
Bf2 Nc5 15. Rfd1 Qb6 16. Rc2 Rfc8 17. Bf1 a4 18. Rb1 Qb4 19. Qc1 h5 20. Kh1 Be5 21. Be1 Qb6 22. Nd5 Bxd5 23. cxd5 Qd8 24. b4 axb3 25.
axb3 Na6 26. b4 Rxc2 27. Qxc2 Rc8 28. Qd2 Bc3 29. Qe3 Bxe1 30. Qxe1 Qb6 31. h3 Qd4 32. Bxa6 bxa6 33. Ra1 Qd3 34. Qf1 Qxf1+ 35. Rxf1 Rc4 36. Ra1 Rxb4 37. Rxa6 h4 38. Ra7 Kf8 39. Kg1 Rb2 40. Rc7 g5 41. Ra7 f6 42. Rc7 Kf7 43. Ra7 Kf8 44. Rc7 Kf7 45. Ra7 Kf8 1/2-1/2

[Event "*** Titled Tuesday Blitz"]
[Site "Chess.com"]
[Date "2020.10.20"]
[Round "10"]
[White "Tooweak2slow03"]
[Black "Annawel"]
[Result "1-0"]
[WhiteElo "2794"]
[BlackElo "2912"]
[TimeControl "180+1"]
[EndTime "11:57:33 PDT"]
[Termination "Tooweak2slow03 won on time"]

1. e4 c5 2. Nf3 d6 3. d4 cxd4 4. Nxd4 Nf6 5. Nc3 a6 6. a3 g6 7.
Be3 Bg7 8. f3 O-O 9. Qd2 Nc6 10.
Bc4 Bd7 11. O-O-O b5 12. Ba2 Rc8 13. h4 b4 14. axb4 Nxb4 15. Bb3 Qa5 16. Kb1 h5 17. g4 hxg4 18. h5 gxh5 19. Bh6 Rxc3 20. Bxg7 Rxb3 21. Nxb3 Qa2+ 22. Kc1 Rc8 23. Qxb4 Kxg7 24. fxg4 Bxg4 25.
Rdg1 a5 26. Nxa5 Qe6 27. Nb3 Rc4 28. Qd2 Qxe4 29. Qg5+ Qg6 30. Qd2 d5 31. Rg2 e5 32. Rf1 d4 33. Rgf2 Rc6 34. Qa5 Re6 35. Qd8 h4 36. Nc5 Rc6 37. Nd3 Qxd3 38. Qxf6+ Rxf6 39. cxd3 Rxf2 40. Rxf2 h3 41. b4 Be6 42. b5 Bd5 43. Rh2 Bg2 44. b6 Kg6 45.
Rxh3 Bc6 46. Kd2 Kf6 47. Rh6+ 1-0

[Event "*** Titled Tuesday Blitz"]
[Site "Chess.com"]
[Date "2020.10.20"]
[Round "10"]
[White "Ural_bogatyr"]
[Black "pedromartinez91"]
[Result "0-1"]
[WhiteElo "2359"]
[BlackElo "2482"]
[TimeControl "180+1"]
[EndTime "11:57:33 PDT"]
[Termination "pedromartinez91 won on time"]

1. e4 a6 2. Nf3 h6 3. d4 e6 4. c4 d5 5. cxd5 exd5 6. exd5 Nf6 7. Nc3 Nxd5 8. Bc4 Nxc3 9. bxc3 Bd6 10. O-O O-O 11.
h3 Nc6 12. Re1 Qf6 13. Be3 Bf5 14. Kh1 Rae8 15. d5 Ne5 16. Bd4 Nxf3 17. Rxe8 Nxd4 18. Rxf8+ Kxf8 19. cxd4 Be4 20. Qg4 Qxd4 21. Re1 Qe5 22.
f4 Qd4 23. Bb3 f5 24. Qd1 Qf2 25. Rxe4 fxe4 26. Qg4 Qf1+ 27. Kh2 Qxf4+ 28. Qxf4+ Bxf4+ 29. g3 Be5 30. Kg2 Ke7 31. Bc2 e3 32. g4 Kd6 33.
Be4 Kc5 34. Kf3 Kd4 35. Bc2 b5 36. Bb3 a5 37. a4 b4 38. Bd1 g5 39. Ke2 Bf4 40.
Bb3 Kc3 41. Bd1 b3 42. d6 cxd6 0-1

[Event "*** Titled Tuesday Blitz"]
[Site "Chess.com"]
[Date "2020.10.20"]
[Round "10"]
[White "pastouche06"]
[Black "Savagelittlemole"]
[Result "1-0"]
[WhiteElo "2486"]
[BlackElo "2595"]
[TimeControl "180+1"]
[EndTime "11:57:35 PDT"]
[Termination "pastouche06 won by resignation"]

1. d4 Nf6 2. c4 e6 3. Nc3 Bb4 4. e3 O-O 5. Ne2 c5 6. a3 Bxc3+ 7.
Nxc3 cxd4 8. exd4 d5 9. c5 Nc6 10. b4 e5 11. dxe5 Nxe5 12. Be3 Neg4 13. Bd4 Re8+ 14.
Be2 Ne4 15. O-O Nxc3 16. Bxc3 d4 17. Bxd4 h5 18. h3 Nf6 19. Bf3 Bf5 20. Bxb7 Qc7 21. Bxa8 Rxa8 22. Bxf6 gxf6 23. Qxh5 Bg6 24. Qf3 Rd8 25.
Rad1 Qe7 26. Rfe1 Rxd1 27. Qxd1 Qc7 28. Qd6 Qc8 29. c6 Kg7 30. c7 Bf5 31. Rc1 Qb7 32. Qc6 Qc8 33. Qd6 Qb7 34. Qg3+ Kf8 35. Qf3 Qc8 36.
g4 Be6 37. Qxf6 Ke8 38. Qd8+ Qxd8 39. cxd8=Q+ Kxd8 40. Rc5 Ke7 41. Ra5 1-0

[Event "*** Titled Tuesday Blitz"]
[Site "Chess.com"]
[Date "2020.10.20"]
[Round "10"]
[White "beto-betun"]
[Black "AniJak"]
[Result "1-0"]
[WhiteElo "2206"]
[BlackElo "2363"]
[TimeControl "180+1"]
[EndTime "11:57:35 PDT"]
[Termination "beto-betun won by resignation"]

1. d4 f5 2. Nf3 Nf6 3. g3 e6 4. Bg2 Be7 5. O-O O-O 6. c4 d6 7. Nc3 Nbd7 8. Bf4 Qe8 9. Qc2 Bd8 10. Rad1 e5 11. Bc1 e4 12. Nh4 Nb8 13. f3 exf3 14.
Nxf3 Nc6 15. d5 Ne5 16. Nxe5 dxe5 17. e4 g6 18. b4 Be7 19. c5 Bd7 20. a4 a5 21. d6 cxd6 22. cxd6 Bd8 23. b5 Bb6+ 24. Kh1 Ng4 25. Nd5 Rc8 26. Qb3 Be6 27. d7 Qxd7 28. Nxb6 Qf7 29. Nd5 Kh8 30. Qd3 fxe4 31. Qxe4 Nf2+ 32. Rxf2 Qxf2 33. Qxe5+ Kg8 34. Qxe6+ Kh8 35.
Qe5+ Kg8 36. Ne7+ Kf7 1-0

[Event "*** Titled Tuesday Blitz"]
[Site "Chess.com"]
[Date "2020.10.20"]
[Round "10"]
[White "juancruzarias"]
[Black "GMaka"]
[Result "1-0"]
[WhiteElo "2543"]
[BlackElo "2377"]
[TimeControl "180+1"]
[EndTime "11:57:36 PDT"]
[Termination "juancruzarias won by resignation"]

1. e4 c6 2. Nc3 d5 3. Nf3 Bg4 4. h3 Bxf3 5. Qxf3 e6 6. d3 Nf6 7. g3 Bb4 8. Bd2 d4 9. Nb1 Qa5 10. Bg2 Bxd2+ 11. Nxd2 Nbd7 12. Qe2 O-O 13. O-O c5 14. f4 Qc7 15. g4 e5 16. g5 Ne8 17.
f5 f6 18. h4 Nd6 19. Nf3 c4 20. Nh2 cxd3 21. cxd3 Rac8 22. Rad1 Qd8 23. Qh5 Qe8 24.
g6 h6 25. Rd2 Qe7 26. Bf3 Rc6 27. Bd1 Rfc8 28. Bb3+ Kf8 29. Be6 Rc1 30. Rfd1 Rxd1+ 31. Qxd1 Rc7 32. Ng4 Nc5 33. Bd5 Nc8 34. Rg2 Nb6 35.
Bf7 Nca4 36. Nxh6 Qc5 37. Ng4 Qc1 38. Qxc1 Rxc1+ 39. Kh2 Rb1 40. h5 Rxb2 41. Nxf6 Rxg2+ 42. Kxg2 gxf6 43. h6 Nc8 44. Bb3 Ne7 45. g7+ Ke8 1-0

[Event "*** Titled Tuesday Blitz"]
[Site "Chess.com"]
[Date "2020.10.20"]
[Round "10"]
[White "UKR_Master"]
[Black "KatarinaOstojic"]
[Result "1-0"]
[WhiteElo "2462"]
[BlackElo "2343"]
[TimeControl "180+1"]
[EndTime "11:57:36 PDT"]
[Termination "UKR_Master won by resignation"]

1. e4 c5 2. Nf3 d6 3. d4 cxd4 4. Nxd4 Nf6 5. Nc3 a6 6. h3 e5 7. Nde2 Be6 8. g4 Nbd7 9. Bg2 h6 10. O-O Be7 11. Ng3 O-O 12. Nf5 Bxf5 13. exf5 Qc7 14. f4 exf4 15. Bxf4 Qb6+ 16. Kh2 Ne5 17. b3 Rac8 18.
Na4 Qc7 19. c4 b5 20. cxb5 axb5 21. Rc1 Qa5 22. Bd2 Qa6 23. Qe2 Rfe8 24. Nc3 Rb8 25. Rfe1 Qb6 26. Be3 Qa5 27. Bd4 b4 28. Nd1 Nd5 29.
Qd2 Bg5 30. Ne3 Bf4+ 31. Kh1 Nxe3 32. Bxe3 Bg3 33. Red1 Rbd8 34. Bxh6 gxh6 35. Qxh6 Qxa2 36.
f6 1-0

[Event "*** Titled Tuesday Blitz"]
[Site "Chess.com"]
[Date "2020.10.20"]
[Round "10"]
[White "Vandros57"]
[Black "alejanchess73"]
[Result "1/2-1/2"]
[WhiteElo "2189"]
[BlackElo "2389"]
[TimeControl "180+1"]
[EndTime "11:57:37 PDT"]
[Termination "Game drawn by agreement"]

1. d4 d5 2. Nf3 c6 3. c4 Nf6 4.
e3 g6 5. Nc3 Bg7 6. Be2 O-O 7.
O-O a6 8. b3 b5 9. cxd5 cxd5 10.
Bb2 Nbd7 11. Rc1 Bb7 12. h3 Rc8 13. Qd3 Ne4 14. Qb1 e6 15. Nxe4 dxe4 16. Nd2 f5 17. Rxc8 Qxc8 18. Rc1 Qb8 19. Rc2 Rc8 20. Qc1 Nb6 21. Rxc8+ Qxc8 22. Qxc8+ Bxc8 23. f3 Bb7 24. fxe4 Bc8 25. e5 Nd5 26. Kf2 Bh6 27. Nf1 b4 28. a3 a5 29. axb4 axb4 30. Bb5 Kf7 31. Bc6 Nc3 32. Ke1 Ba6 33. Bc1 Ke7 34. Bd2 Kd8 35. Ng3 Kc7 36. Bf3 Bd3 37. Ne2 Na2 38. Nc1 Nxc1 39. Bxc1 Kb6 40. Be2 Be4 41. g4 Bd5 42.
Bd1 Bg5 43. Kf2 Bh4+ 44. Ke2 Kc6 45. Bd2 Kb5 46. Bc2 Bg3 47. Bd3+ Ka5 48. Bc4 1/2-1/2

[Event "*** Titled Tuesday Blitz"]
[Site "Chess.com"]
[Date "2020.10.20"]
[Round "10"]
[White "SantoBlue"]
[Black "tptagain"]
[Result "0-1"]
[WhiteElo "2799"]
[BlackElo "2919"]
[TimeControl "180+1"]
[EndTime "11:57:38 PDT"]
[Termination "tptagain won by resignation"]

1. Nf3 f5 2. d3 d6 3. e4 e5 4. Nc3 Nc6 5. exf5 Nge7 6. d4 exd4 7. Nxd4 Nxd4 8. Qxd4 Nxf5 9. Qe4+ Qe7 10. Bd3 Qxe4+ 11.
Bxe4 c6 12. O-O d5 13. Bd3 Kf7 14. Bf4 Bd6 15. Bxd6 Nxd6 16. Ne2 Bf5 17. Bxf5 Nxf5 18. Ng3 Nd6 19. Rfe1 Rhe8 20. Kf1 a5 21. Rxe8 Rxe8 22. Re1 Rb8 23. Re3 a4 24. b3 axb3 25. axb3 g6 26. Rf3+ Ke6 27. Re3+ Kd7 28. h4 Ra8 29. Ke2 Ra2 30.
Kd2 b5 31. h5 gxh5 32. Nxh5 Ne4+ 33. Kc1 Nxf2 34. Kb1 Ra8 35. Nf6+ Kd6 36. Nxh7 Rh8 37. Ng5 Rh1+ 38. Ka2 b4 39. Nf7+ Kc7 40. Re7+ Kb6 41. Kb2 Nd1+ 42. Kc1 Nc3+ 0-1

[Event "*** Titled Tuesday Blitz"]
[Site "Chess.com"]
[Date "2020.10.20"]
[Round "10"]
[White "Das_Virus_2020"]
[Black "GelmanAlexander"]
[Result "1/2-1/2"]
[WhiteElo "2432"]
[BlackElo "2575"]
[TimeControl "180+1"]
[EndTime "11:57:38 PDT"]
[Termination "Game drawn by agreement"]

1. e4 c5 2. Nc3 e6 3. f4 a6 4. Nf3 d6 5. d3 Nc6 6. Be2 Nf6 7. O-O Be7 8. Qe1 O-O 9. Kh1 b5 10. Qg3 b4 11. Nb1 a5 12. Be3 a4 13.
Nbd2 a3 14. b3 d5 15. e5 Nd7 16. Rae1 f6 17. exf6 Bxf6 18. Ng5 Qe7 19. Bg4 Bxg5 20.
fxg5 Rxf1+ 21. Rxf1 Nde5 22. Be2 Bd7 23. Bf4 Nf7 24.
g6 hxg6 25. Qxg6 Rf8 26. Nf3 e5 27. Bg3 e4 28. dxe4 Qxe4 29. Bd3 1/2-1/2

[Event "*** Titled Tuesday Blitz"]
[Site "Chess.com"]
[Date "2020.10.20"]
[Round "10"]
[White "Mikhail_Golubev"]
[Black "XDPS"]
[Result "0-1"]
[WhiteElo "2548"]
[BlackElo "2721"]
[TimeControl "180+1"]
[EndTime "11:57:40 PDT"]
[Termination "XDPS won on time"]

1. e4 e5 2. Nf3 Nc6 3. Bb5 a6 4. Ba4 d6 5. d4 b5 6. Bb3 Nxd4 7. Nxd4 exd4 8. c3 dxc3 9. Nxc3 Nf6 10. e5 dxe5 11.
O-O Qxd1 12. Rxd1 Bb7 13. Bg5 Be7 14. Bxf6 Bxf6 15. Nd5 Bd8 16. Rac1 Rc8 17. Re1 O-O 18. Rxe5 c5 19. Ne7+ Bxe7 20. Rxe7 Ba8 21. Ra7 c4 22. Bc2 Rfd8 23. Rxa6 Rd2 24. Rb6 Re8 25. Kf1 g6 26. Bd1 Rxb2 27. Rxc4 Rd2 28. Rc1 Be4 29. Bb3 Bd3+ 30. Kg1 Ree2 31. Rf1 Re5 0-1

[Event "*** Titled Tuesday Blitz"]
[Site "Chess.com"]
[Date "2020.10.20"]
[Round "10"]
[White "nitpicker"]
[Black "TurboSteen"]
[Result "0-1"]
[WhiteElo "2260"]
[BlackElo "2062"]
[TimeControl "180+1"]
[EndTime "11:57:41 PDT"]
[Termination "TurboSteen won on time"]

1. d4 Nf6 2. c4 g6 3. Nc3 d5 4. Nf3 Bg7 5. Qb3 dxc4 6. Qxc4 O-O 7. e4 a6 8. Qb3 b5 9. e5 Nfd7 10. h4 c5 11. e6 c4 12. Qc2 Nb6 13. exf7+ Rxf7 14. Be3 Nc6 15. O-O-O Bf5 16. Qd2 b4 17. Ne2 Nd5 18. Ng3 c3 19. Qe1 Qa5 20. Nxf5 Qxa2 21. Rd2 cxd2+ 22. Qxd2 Qa1+ 23. Kc2 b3+ 24. Kd3 Ncb4+ 25. Ke2 gxf5 26. g3 Rc8 27. Ne1 Nxe3 0-1

[Event "*** Titled Tuesday Blitz"]
[Site "Chess.com"]
[Date "2020.10.20"]
[Round "10"]
[White "xberli"]
[Black "Sergey85Rodchenkov"]
[Result "1-0"]
[WhiteElo "2556"]
[BlackElo "2420"]
[TimeControl "180+1"]
[EndTime "11:57:43 PDT"]
[Termination "xberli won by resignation"]

1. e4 c5 2. Nf3 d6 3. d4 cxd4 4.
Nxd4 Nf6 5. Nc3 a6 6. Bg5 Nbd7 7.
Bc4 e6 8. O-O Qc7 9. Bb3 b5 10.
Re1 Bb7 11. Bxe6 fxe6 12. Nxe6 Qc4 13. Nd5 Kf7 14. b3 Qc8 15. Nec7 Bxd5 16. Nxd5 Be7 17.
e5 Nxe5 18. Nxe7 Kxe7 19. f4 Qc5+ 20. Kh1 Rhe8 21. fxe5 dxe5 22. Qh5 Ke6 23. Bxf6 gxf6 24. Qh3+ Kd6 25. Rad1+ Kc6 26. Qd7+ Kb6 27. Rd6+ Ka5 28. a3 Qxc2 29. Rc6 Qxb3 30. Qc7+ Ka4 31. Re4+ Kxa3 32.
Rc3 Rac8 33. Qa5+ Kb2 34. Rxb3+ Kxb3 35. Rb4+ Kc3 36. Qa3+ Kd2 37. Rb2+ Rc2 38. Qb4+ Kd3 39. Qb3+ Rc3 40. Qd5+ Ke3 41. Qd2+ Ke4 42. Qxc3 1-0

[Event "*** Titled Tuesday Blitz"]
[Site "Chess.com"]
[Date "2020.10.20"]
[Round "10"]
[White "Chamal_Gedgafov"]
[Black "Chessbard1972"]
[Result "0-1"]
[WhiteElo "2163"]
[BlackElo "2291"]
[TimeControl "180+1"]
[EndTime "11:57:45 PDT"]
[Termination "Chessbard1972 won on time"]

1. d4 Nf6 2. c4 g6 3. Nc3 Bg7 4. e4 d6 5. Nf3 O-O 6. Be2 e5 7.
d5 a5 8. Be3 Na6 9. Nd2 Nd7 10.
a3 f5 11. f3 Bh6 12. Bf2 Rb8 13. O-O b6 14. Rb1 Nf6 15. b4 axb4 16. axb4 Nh5 17. c5 bxc5 18. bxc5 Rxb1 19. Ndxb1 Nxc5 20. Na4 Nxa4 21.
Qxa4 Nf4 22. Bc4 fxe4 23. fxe4 Qg5 24. Bg3 Bg4 25. Nc3 Rb8 26. Bb5 Ne2+ 27. Bxe2 Bxe2 28. Re1 Qe3+ 29. Bf2 Qxc3 30. Qd7 Bb5 31. Qe6+ Kh8 32.
Bh4 Bg7 33. h3 Rf8 34. Be7 Qxe1+ 35. Kh2 Qf2 36. Bxf8 Qxf8 0-1

[Event "*** Titled Tuesday Blitz"]
[Site "Chess.com"]
[Date "2020.10.20"]
[Round "10"]
[White "RobPeresian"]
[Black "anon569"]
[Result "1-0"]
[WhiteElo "2412"]
[BlackElo "2264"]
[TimeControl "180+1"]
[EndTime "11:57:46 PDT"]
[Termination "RobPeresian won on time"]

1. Nf3 Nf6 2. c4 e6 3. Nc3 b6 4.
g3 Bb7 5. Bg2 Bb4 6. Qc2 Bxc3 7.
Qxc3 O-O 8. O-O d6 9. b3 Nbd7 10. Bb2 e5 11. d3 Rb8 12. e4 Re8 13. Rfe1 c5 14. a3 Nf8 15. Bh3 Ne6 16. Bxe6 fxe6 17.
b4 Rf8 18. Nd2 Ng4 19. Re2 Qg5 20. Nf1 Qh5 21. Qc2 Rf3 22. Bc1 Rbf8 23. Be3 R8f6 24.
Kg2 g5 25. h3 Rh6 26. h4 Nxe3+ 27. Nxe3 gxh4 28. Rh1 h3+ 29. Kh2 Rhf6 30. Rg1 Qf7 31. Nd1 d5 32. cxd5 exd5 33. bxc5 dxe4 34. dxe4 Ba6 35.
Rd2 Rc6 36. Rd8+ Kg7 37. Qd2 Rc7 38. cxb6 axb6 39. Qg5+ Qg6 40. Qxe5+ Kh6 41. Rd6 1-0

[Event "*** Titled Tuesday Blitz"]
[Site "Chess.com"]
[Date "2020.10.20"]
[Round "10"]
[White "Quiet_Desperation"]
[Black "Yoshikrov"]
[Result "1-0"]
[WhiteElo "1867"]
[BlackElo "2126"]
[TimeControl "180+1"]
[EndTime "11:57:48 PDT"]
[Termination "Quiet_Desperation won by resignation"]

1. e4 c5 2. Nf3 Nc6 3. d4 cxd4 4. Nxd4 Nf6 5. Nc3 e5 6. Ndb5 d6 7. Bg5 a6 8. Bxf6 gxf6 9. Na3 b5 10. Nd5 f5 11. Bd3 Be6 12. c4 b4 13. Nc2 a5 14.
O-O Bg7 15. exf5 Bxd5 16. cxd5 Ne7 17. Ne3 O-O 18. Qh5 f6 19. f4 Qe8 20. Qxe8 Rfxe8 21.
fxe5 dxe5 22. d6 Nc6 23. Bb5 Nd4 24. Bxe8 Rxe8 25. Kf2 Rd8 26. Nc4 Nxf5 27. Rad1 Bh6 28. g4 Nd4 29. Kg3 Bf4+ 30. Rxf4 exf4+ 31. Kxf4 Nb5 32.
Rd5 Na7 33. Kf5 Kf7 34. Rxa5 Nc6 35. Rc5 Nd4+ 36. Ke4 Ne2 37. Rc7+ Kg6 38. h4 h5 39.
gxh5+ Kxh5 40. Kf5 Kxh4 41. Kxf6 Ng3 42. Ke7 Rh8 43. Ne3 Ne4 44. d7 Rh7+ 45. Ke6 Ng5+ 46.
Kd5 Nf7 47. d8=Q+ Nxd8 48. Rxh7+ 1-0

[Event "*** Titled Tuesday Blitz"]
[Site "Chess.com"]
[Date "2020.10.20"]
[Round "10"]
[White "natelleka"]
[Black "Xeniya2005"]
[Result "0-1"]
[WhiteElo "2194"]
[BlackElo "2384"]
[TimeControl "180+1"]
[EndTime "11:57:49 PDT"]
[Termination "Xeniya2005 won on time"]

1. e4 e6 2. d4 d5 3. Nc3 Nf6 4.
e5 Nfd7 5. f4 c5 6. Nf3 Nc6 7.
Be3 cxd4 8. Nxd4 a6 9. Qd2 Qc7 10. O-O-O Bc5 11. Be2 b5 12. g4 Bb7 13. Nb3 Bxe3 14. Qxe3 Rc8 15. Rd2 d4 16. Nxd4 Nxd4 17. Rxd4 Bxh1 18. Bd3 Bb7 19. Be4 Nc5 20. Bxb7 Qxb7 21.
f5 b4 22. fxe6 Nxe6 23. Ne4 Qc6 24. Nd6+ Kf8 25. Nxc8 Nxd4 26. Qxd4 Qxc8 27. Qxb4+ Kg8 28. Qf4 h5 29. g5 Qe6 30. b3 Kh7 31. Qe4+ g6 32.
Kb2 Rd8 33. c4 Rd2+ 34. Kc3 Rxh2 35. Qf4 Rxa2 36. Kb4 a5+ 37. Kc3 a4 0-1

[Event "*** Titled Tuesday Blitz"]
[Site "Chess.com"]
[Date "2020.10.20"]
[Round "10"]
[White "medalja"]
[Black "Goryachkina"]
[Result "1-0"]
[WhiteElo "2465"]
[BlackElo "2644"]
[TimeControl "180+1"]
[EndTime "11:57:51 PDT"]
[Termination "medalja won by resignation"]

1. d4 Nf6 2. c4 e6 3. Nf3 d5 4. g3 Bb4+ 5. Bd2 Be7 6. Bg2 O-O 7.
Qc2 Nbd7 8. O-O c6 9. Bf4 b6 10. Rd1 Ba6 11. b3 Rc8 12. Nc3 Bb4 13. Ne5 Nxe5 14.
dxe5 Nd7 15. a3 Be7 16. h4 dxc4 17. bxc4 Bxc4 18. Rd4 Bd5 19. Rad1 c5 20. R4d2 Qe8 21. Nxd5 exd5 22. Bxd5 Nb8 23. e6 f6 24. Bb7 Nc6 25.
Bxc8 Qxc8 26. Rd7 Re8 27. Rc7 Qa8 28. Qe4 Rc8 29. Rdd7 Kf8 30. Rxc8+ Qxc8 31. Rc7 1-0

[Event "*** Titled Tuesday Blitz"]
[Site "Chess.com"]
[Date "2020.10.20"]
[Round "10"]
[White "lelya96"]
[Black "pfalcon1949"]
[Result "1-0"]
[WhiteElo "2166"]
[BlackElo "1987"]
[TimeControl "180+1"]
[EndTime "11:57:51 PDT"]
[Termination "lelya96 won on time"]

1. d4 Nf6 2. Nc3 d5 3. Bf4 e6 4. Nb5 Na6 5. e3 Be7 6. Bd3 O-O 7. Ne2 c6 8. Nbc3 c5 9. dxc5 Nxc5 10. O-O Nxd3 11.
cxd3 Bd7 12. h3 Bc6 13. Nd4 Qd7 14. Nxc6 bxc6 15. d4 a6 16. Be5 Rfc8 17. b3 c5 18. Rc1 cxd4 19. Qxd4 Bc5 20. Qh4 Be7 21. Na4 Rxc1 22.
Rxc1 Rc8 23. Rd1 Rc2 24. e4 Rxa2 25. exd5 Nxd5 26. Qg3 Bf8 27. Nc5 Qb5 28. Ne4 Qe2 29.
Rxd5 exd5 30. Nf6+ Kh8 31. Ne8 f6 32. Nxf6 Qe1+ 33. Kh2 Ra1 34. Bxa1 Qxa1 35. Nxd5 Qd4 36. Qf4 Qxf4+ 37. Nxf4 Bd6 38. g3 g5 39. Ne6 h6 40. Kg2 Kh7 41. Kf3 Kg6 42. Ke4 Kf6 43. Nd4 Bc5 44. Kd5 Ba7 45. f3 h5 46. g4 hxg4 47. hxg4 a5 48. Nc6 Bb6 49. Kc4 Ke6 50. Kb5 Bc7 51. Nxa5 Ke5 52. Nc6+ Kf4 53. Nd4 Ke3 54.
Ne6 Be5 55. Nxg5 Kf4 56. Nf7 Bf6 57. g5 Bg7 58. Kc6 Kxf3 59. b4 Kf4 60. b5 1-0

[Event "*** Titled Tuesday Blitz"]
[Site "Chess.com"]
[Date "2020.10.20"]
[Round "10"]
[White "PhileKhoob"]
[Black "geordie_derraugh"]
[Result "0-1"]
[WhiteElo "2528"]
[BlackElo "2412"]
[TimeControl "180+1"]
[EndTime "11:57:52 PDT"]
[Termination "geordie_derraugh won on time"]

1. Nf3 Nf6 2. b3 g6 3. Bb2 Bg7 4. e3 O-O 5. Be2 d5 6. O-O c5 7.
c4 e6 8. cxd5 exd5 9. d4 Ne4 10.
Nc3 Nc6 11. Rc1 cxd4 12. exd4 Bg4 13. Na4 Bxf3 14. Bxf3 Qg5 15. Re1 Rfe8 16. Re2 Rad8 17. g3 h5 18. h4 Qf5 19. Kg2 Bh6 20. Ra1 g5 21. Bxe4 dxe4 22. hxg5 Bxg5 23. Re1 Bf6 24. Rh1 h4 25. gxh4 Bxd4 26. Qe2 Bxb2 27. Nxb2 Nd4 28.
Qe3 Nf3 29. Nc4 b5 30. Rh3 bxc4 31. Rg3+ Kh7 32. Qxa7 Rg8 33. bxc4 Nxh4+ 0-1

[Event "*** Titled Tuesday Blitz"]
[Site "Chess.com"]
[Date "2020.10.20"]
[Round "10"]
[White "Unknown_IM"]
[Black "northridgehawk"]
[Result "0-1"]
[WhiteElo "2352"]
[BlackElo "2252"]
[TimeControl "180+1"]
[EndTime "11:57:53 PDT"]
[Termination "northridgehawk won on time"]

1. e4 e5 2. Nf3 Nc6 3. Nc3 Nf6 4. d4 exd4 5. Nxd4 Bb4 6. Nxc6 bxc6 7. Bd3 d5 8. Bd2 O-O 9. O-O Re8 10. Re1 Bg4 11. f3 dxe4 12. Nxe4 Nxe4 13. Rxe4 Rxe4 14.
Bxe4 Qd4+ 15. Kh1 Bxd2 16. Bd3 Bxf3 17. Qxf3 Qxb2 18. Rf1 Rf8 19. Qxc6 Qb6 20. Qe4 Qh6 21. Bc4 Bc3 22. Rxf7 Rb8 23. Re7+ Kf8 24. Rf7+ Kg8 25. Rf1+ Kh8 26. h3 g6 27. Qf3 Bg7 0-1

[Event "*** Titled Tuesday Blitz"]
[Site "Chess.com"]
[Date "2020.10.20"]
[Round "10"]
[White "chessmachine14"]
[Black "esrosenberg"]
[Result "0-1"]
[WhiteElo "2309"]
[BlackElo "2304"]
[TimeControl "180+1"]
[EndTime "11:57:53 PDT"]
[Termination "esrosenberg won by checkmate"]

1. e4 e5 2. Nf3 Nc6 3. Bb5 a6 4.
Ba4 Nf6 5. O-O Be7 6. Re1 b5 7. Bb3 O-O 8. d4 Nxd4 9. Nxd4 exd4 10. e5 Ne8 11. Qxd4 c5 12. Qe4 c4 13. Qxa8 cxb3 14.
axb3 Bc5 15. Nc3 Qb6 16. Qf3 Bb7 17. Qg3 Nc7 18. Ne4 Bxe4 19. Rxe4 Nd5 20. Rg4 g6 21. Bh6 Re8 22. c4 Ne7 23. Qf4 Qe6 24. b4 Bxb4 25.
cxb5 Nd5 26. Qd4 axb5 27. Rg3 Bf8 28. Rd3 Bxh6 29. Qxd5 Qxe5 30. Qxe5 Rxe5 31. Rxd7 Re2 32. b3 Bg5 33. Rd5 f5 34. Rxb5 Kg7 35. Ra7+ Kh6 36. g3 Bf6 37. Rbb7 Kg5 38. h4+ Kg4 39. Kf1 Rb2 40.
Rxh7 Kf3 41. Ra6 Rb1# 0-1